 Dungeon Crawl Stone Soup version 0.19.1 (webtiles) character file.

68424 AgentSmith the Bludgeoner (level 14, -5/137 HPs)
             Began as a Minotaur Berserker on Mar 1, 2017.
             Was an Elder of Trog.
             Slain by an orc warrior
             ... wielding a +0 battleaxe
              (16 damage)
             ... on level 2 of the Orcish Mines on Mar 2, 2017.
             The game lasted 01:15:18 (25800 turns).

AgentSmith the Bludgeoner (Minotaur Berserker)     Turns: 25800, Time: 01:15:19

Health: -5/137     AC: 22    Str: 22    XL:     14   Next: 86%
Magic:  4/4        EV: 13    Int:  8    God:    Trog [****..]
Gold:   1227       SH:  0    Dex: 18    Spells: 0 memorised, 13 levels left

rFire  . . .     SeeInvis .     Y - +4 dire flail (antimagic)
rCold  . . .     Gourm    +     Z - +0 plate armour
rNeg   . . .     Faith    .     (shield currently unavailable)
rPois  .         Spirit   .     (helmet restricted)
rElec  .         Reflect  .     n - +2 cloak
rCorr  .         Harm     .     x - +2 pair of gloves
MR     +....                    (no boots)
Stlth  ..........               q - amulet of the gourmand
                                B - +3 ring of dexterity
                                O - +4 ring of intelligence

@: exhausted, about to teleport, very slightly contaminated, slowed, drained,
very slow
A: retaliatory headbutt, horns 2
a: Berserk, Trog's Hand, Brothers in Arms, Burn Spellbooks, Renounce Religion


You were on level 2 of the Orcish Mines.
You worshipped Trog.
Trog was greatly pleased with you.
You were very full.

You visited 3 branches of the dungeon, and saw 18 of its levels.

You collected 1485 gold pieces.
You spent 258 gold pieces at shops.

Inventory:

Hand Weapons
 b - a +2 morningstar of draining
 d - a +4 flail of crushing
 e - a +3 flail of protection
 i - a +3 flail
 Y - a +4 antimagic dire flail (weapon)
Missiles
 M - a throwing net (quivered)
 P - 4 steel tomahawks
Armour
 n - a +2 cloak (worn)
 p - the +5 ring mail "Ilij" {*Slow rPois rC+++ Str-3}
   (You found it on level 6 of the Lair of Beasts)

   It affects your strength (-3).
   It renders you almost immune to cold.
   It protects you from poison.
   It may slow you when you take damage.
 x - a +2 pair of gloves (worn)
 y - a +1 chain mail of poison resistance
 Z - a +0 plate armour (worn)
Jewellery
 q - an amulet of the gourmand (around neck)
 r - an uncursed ring of see invisible
 B - a +3 ring of dexterity (right hand)
 O - a +4 ring of intelligence (left hand)
Wands
 f - a wand of lightning (5/15)
 g - a wand of iceblast (6/15)
 l - a wand of digging (12/24)
 u - a wand of paralysis (15/24)
 C - a wand of acid (15/15)
 R - a wand of acid (8/15)
 W - a wand of teleportation (3/9)
Scrolls
 m - 6 scrolls of remove curse
 s - 3 scrolls of identify
 A - a scroll of silence
 H - 6 scrolls of teleportation
 I - 3 scrolls of fear
 J - 2 scrolls of recharging
 S - 3 scrolls of magic mapping
 U - a scroll of fog
Potions
 a - 4 potions of lignification
 j - 7 potions of curing
 v - a potion of invisibility
 z - 5 potions of flight
 E - a potion of resistance
 Q - a potion of berserk rage
Miscellaneous
 o - a sack of spiders
Comestibles
 c - 10 bread rations
 h - 2 beef jerkies
 k - 8 meat rations
 K - 11 royal jellies


   Skills:
 + Level 16.0(15.5) Fighting
 + Level 20.2(19.6) Maces & Flails
 - Level 12.3(11.7) Armour
 + Level 10.1(9.6) Dodging


You had 13 spell levels left.
You didn't know any spells.

Dungeon Overview and Level Annotations

Branches:
Dungeon (10/15)            Temple (0/1) D:6            Lair (6/6) D:9
  Swamp (0/4) Lair:2       Spider (0/4) Lair:3        Slime (0/5) Lair:6
    Orc (2/2) D:10            Elf (0/3) Orc:2

Altars:
Cheibriados
Dithmenos
Gozag
Hepliaklqana
Nemelex Xobeh
Ru
Sif Muna
Trog
Vehumet
Xom
Yredelemnul
Zin
The Shining One
Beogh

Shops:
D:8 (   Orc:2 (

Annotations:
D:4 exclusion: door


Innate Abilities, Weirdness & Mutations

You reflexively headbutt those who attack you in melee.
You have a pair of horns on your head.


Message History

Your ogre's corpse disappears in a puff of smoke!
Evoke which item? (* to show all) (? for menu, Esc to quit)
You reach into the bag... ...but nothing happens.
Evoke which item? (* to show all) (? for menu, Esc to quit)
You reach into the bag... ...but nothing happens.
The orc warlord hits you with an enchanted great mace.
* * * LOW HITPOINT WARNING * * *
Your skin stops crawling.
You feel less resistant to hostile enchantments.
The orc warlord hits you with an enchanted great mace!!
* * * LOW HITPOINT WARNING * * *
The orc warrior no longer looks unusually strong.
The orc warlord roars a battlecry!
The orc warrior goes into a battle-frenzy!
An orc knight comes into view. It is wielding a war axe.
As you read the scroll of teleportation, it crumbles to dust.
You feel strangely unstable.
The orc knight shouts!
The orc warrior hits you with a battleaxe!
You die...

####...........
##.#............
#..)............
####..............
##.................
#..................
##......#........
##oo.............
#.@..))).........
#......))........
##..รท)##).......#
#.....()........
##.....#)........
#...o............
##...............
#.......o.......
##..............


You could see an orc warlord, an orc knight and 2 orc warriors.

Vanquished Creatures
  3 dire elephants (Lair:6)
  Josephine (Lair:4)
  A merfolk avatar (Lair:6)
  7 hydras
  Erica (Lair:1)
  The ghost of Blackhawk the Spear-Bearer, a novice TrBe of Trog (D:10)
  The ghost of Entropy the Cleaver, a novice MiBe of Trog (D:9)
  A sea snake (Lair:6)
  A hill giant (D:10)
  The ghost of PrincessPwny the Shield-Bearer, a novice MiFi (D:6)
  An orc knight (Orc:2)
  4 orc sorcerers (Orc:2)
  A wolf spider (Lair:3)
  A manticore (Lair:6)
  28 elephants
  A centaur zombie (D:10)
  8 black mambas
  A gargoyle (D:10)
  3 torpor snails (Lair:3)
  12 spiny frogs
  17 komodo dragons
  3 rime drakes (Lair:6)
  2 trolls
  A jumping spider (Lair:3)
  2 wind drakes (Lair:6)
  5 polar bears
  2 hornets
  26 blink frogs
  13 dream sheep
  A vampire (D:7)
  9 hippogriffs
  A redback (Lair:3)
  7 wyverns
  4 wraiths (Lair:4)
  22 yaks
  3 basilisks
  Grum (D:9)
  A hungry ghost (D:9)
  A warg (Orc:2)
  11 water moccasins
  14 porcupines
  4 sky beasts
  2 black bears
  18 orc warriors
  A necrophage (D:10)
  3 ice beasts
  6 phantoms
  2 centaurs
  4 wolves (D:9)
  6 ogres
  24 crocodiles
  6 bullfrogs
  10 scorpions
  2 electric eels (Lair:1)
  6 howler monkeys (D:10)
  5 crimson imps
  A bullfrog zombie (D:6)
  A quasit (D:10)
  6 jellies
  Crazy Yiuf (D:3)
  8 orc priests
  A centaur skeleton (D:9)
  8 hounds
  3 bullfrog skeletons
  12 iguanas
  15 orc wizards
  6 worker ants
  A killer bee zombie (D:8)
  3 hound zombies
  A hound skeleton (D:6)
  A howler monkey zombie (D:5)
  A worker ant zombie (D:9)
  3 gnolls (D:8)
  A howler monkey skeleton (D:10)
  11 adders
  A river rat (D:9)
  6 oozes
  An adder zombie (D:5)
  An adder skeleton (D:8)
  4 worms
  4 dart slugs
  6 leopard geckos
  59 orcs
  2 ball pythons
  9 bats
  3 giant cockroaches
  2 gnoll zombies (D:5)
  5 goblins
  6 hobgoblins
  10 kobolds
  5 quokkas
  8 frilled lizards
  A jackal skeleton (D:4)
  A jackal zombie (D:5)
  A leopard gecko skeleton (D:7)
  A quokka zombie (D:8)
  11 rats
  2 fungi
556 creatures vanquished.

Vanquished Creatures (collateral kills)
  A hydra (Lair:6)
  An orc high priest (Orc:2)
  A sea snake (Lair:6)
  An orc knight (Orc:2)
  3 elephants (Lair:4)
  A rime drake (Lair:6)
  A yak (Lair:6)
  2 wyverns (Lair:6)
  A basilisk (D:9)
  A crocodile (Lair:6)
  An orc (D:9)
14 creatures vanquished.

Vanquished Creatures (others)
  2 hydras (Lair:6)
  A blink frog (Lair:6)
  A water moccasin (Lair:6)
  26 fungi
  23 plants
53 creatures vanquished.

Grand Total: 623 creatures vanquished

Notes
Turn   | Place    | Note
-------+----------+-------------------------------------------
     0 | D:1      | AgentSmith the Minotaur Berserker began the quest for the Orb.
     0 | D:1      | Reached XP level 1. HP: 19/19 MP: 0/0
   101 | D:1      | Reached skill level 4 in Maces & Flails
   187 | D:1      | Reached XP level 2. HP: 22/26 MP: 1/1
   551 | D:1      | Reached skill level 5 in Maces & Flails
   680 | D:1      | Reached XP level 3. HP: 31/31 MP: 2/2
   767 | D:1      | Reached ** piety under Trog
  1601 | D:3      | Reached skill level 6 in Maces & Flails
  1601 | D:3      | Reached XP level 4. HP: 39/39 MP: 3/3
  1694 | D:3      | Found a sacrificial altar of Ru.
  1797 | D:3      | Found a sparkling altar of Nemelex Xobeh.
  2047 | D:3      | Reached skill level 7 in Maces & Flails
  2047 | D:3      | Reached XP level 5. HP: 39/45 MP: 4/4
  2076 | D:3      | Noticed a hippogriff
  2089 | D:3      | Killed a hippogriff
  2089 | D:3      | Reached skill level 8 in Maces & Flails
  2089 | D:3      | Reached XP level 6. HP: 40/51 MP: 5/5
  2488 | D:3      | Reached *** piety under Trog
  2591 | D:3      | Found a runed door.
  2689 | D:3      | Noticed Crazy Yiuf
  2694 | D:3      | Killed Crazy Yiuf
  2694 | D:3      | Reached skill level 9 in Maces & Flails
  3154 | D:4      | Found a deep blue altar of Sif Muna.
  3221 | D:4      | Reached XP level 7. HP: 59/59 MP: 6/6
  3567 | D:5      | Entered Level 5 of the Dungeon
  3597 | D:5      | Reached skill level 5 in Fighting
  3740 | D:5      | Reached skill level 10 in Maces & Flails
  3962 | D:5      | Reached XP level 8. HP: 65/68 MP: 7/7
  4032 | D:5      | Found a basalt altar of Yredelemnul.
  4232 | D:5      | Found a faded altar of an unknown god.
  4232 | D:5      | Found a radiant altar of Vehumet.
  4244 | D:5      | Found a faded altar of an unknown god.
  4246 | D:5      | Found a shimmering altar of Xom.
  4249 | D:5      | Found a faded altar of an unknown god.
  4446 | D:6      | Noticed PrincessPwny's ghost (novice MiFi)
  4463 | D:6      | Killed PrincessPwny's ghost
  4463 | D:6      | Reached skill level 11 in Maces & Flails
  4463 | D:6      | Reached skill level 5 in Armour
  4729 | D:6      | Reached XP level 9. HP: 78/78 MP: 8/8
  4952 | D:6      | Found a glowing golden altar of the Shining One.
  5197 | D:6      | Found a staircase to the Ecumenical Temple.
  5300 | D:7      | Reached skill level 12 in Maces & Flails
  5918 | D:7      | Reached **** piety under Trog
  6492 | D:8      | Found a bloodstained altar of Trog.
  6564 | D:8      | Found a hazy altar of Hepliaklqana.
  6573 | D:8      | Found a shadowy altar of Dithmenos.
  6577 | D:8      | Found a glowing silver altar of Zin.
  6797 | D:8      | Reached skill level 13 in Maces & Flails
  7034 | D:8      | Found Opoytel's Weapon Shop.
  7042 | D:8      | Bought a +2 flail of crushing for 258 gold pieces
  7479 | D:9      | Reached XP level 10. HP: 90/90 MP: 9/9
  7724 | D:9      | Noticed Entropy's ghost (novice MiBe)
  7738 | D:9      | Killed Entropy's ghost
  7794 | D:9      | Reached skill level 14 in Maces & Flails
  8062 | D:9      | Found a staircase to the Lair.
  8549 | D:9      | Noticed Grum
  8565 | D:9      | Killed Grum
  8565 | D:9      | Reached skill level 10 in Fighting
  8703 | D:9      | Found an opulent altar of Gozag.
  9094 | D:10     | Entered Level 10 of the Dungeon
  9094 | D:10     | Noticed a gargoyle
  9098 | D:10     | Killed a gargoyle
  9098 | D:10     | Reached skill level 15 in Maces & Flails
  9098 | D:10     | Reached XP level 11. HP: 100/100 MP: 10/10
  9161 | Lair:1   | Entered Level 1 of the Lair of Beasts
  9721 | Lair:1   | Reached skill level 10 in Armour
  9873 | Lair:1   | Noticed a four-headed hydra
  9884 | Lair:1   | Killed a four-headed hydra
 10498 | Lair:1   | Noticed Erica
 10507 | Lair:1   | Killed Erica
 10516 | Lair:1   | Reached skill level 16 in Maces & Flails
 10530 | Lair:1   | Reached ***** piety under Trog
 11541 | Lair:2   | Found a staircase to the Swamp.
 11653 | Lair:1   | Reached XP level 12. HP: 38/110 MP: 11/11
 12110 | Lair:2   | Reached skill level 17 in Maces & Flails
 12180 | Lair:2   | You fall through a shaft for 2 floors!
 12595 | Lair:3   | HP: 4/112 [poisoned by a black mamba]
 13096 | Lair:3   | Found a snail-covered altar of Cheibriados.
 14202 | Lair:2   | Reached skill level 18 in Maces & Flails
 15448 | Lair:3   | Found a hole to the Spider Nest.
 15460 | Lair:3   | Reached XP level 13. HP: 62/122 MP: 12/12
 17245 | Lair:4   | Noticed Josephine
 17269 | Lair:4   | Killed Josephine
 17269 | Lair:4   | Reached skill level 5 in Dodging
 18374 | Lair:4   | Reached skill level 19 in Maces & Flails
 19675 | Lair:6   | Entered Level 6 of the Lair of Beasts
 20051 | Lair:6   | Reached XP level 14. HP: 133/133 MP: 13/13
 20386 | Lair:5   | Paralysed by a hornet for 3 turns
 20500 | Lair:6   | Found a staircase to the Slime Pits.
 20909 | Lair:6   | Reached skill level 15 in Fighting
 21156 | Lair:6   | Got a crude ring mail
 21209 | Lair:6   | Identified the +5 ring mail "Ilij" {*Slow rPois rC+++ Str-3} (You found it on level 6 of the Lair of Beasts)
 21924 | Lair:6   | Received a gift from Trog
 22742 | Lair:6   | Reached skill level 20 in Maces & Flails
 23099 | Lair:6   | Identified Sif Muna's Collected Works on Flamy Good Luck
 24191 | D:10     | Noticed Blackhawk's ghost (novice TrBe)
 24200 | D:10     | Killed Blackhawk's ghost
 24443 | D:10     | Found a staircase to the Orcish Mines.
 24866 | Orc:1    | Entered Level 1 of the Orcish Mines
 25183 | Orc:1    | Found a roughly hewn altar of Beogh.
 25380 | Orc:2    | Entered Level 2 of the Orcish Mines
 25380 | Orc:2    | Found a staircase to the Elven Halls.
 25449 | Orc:2    | Received a gift from Trog
 25525 | Orc:2    | Reached skill level 10 in Dodging
 25623 | Orc:2    | Found Apeu's Antique Weapon Shop.
 25768 | Orc:2    | Noticed an orc warlord
 25800 | Orc:2    | Slain by an orc warrior

Skill      XL: |  1  2  3  4  5  6  7  8  9 10 11 12 13 14 |
---------------+-------------------------------------------+-----
Maces & Flails | 4 5 6 7 8 9 10 11 13 15 16 18 19 20 | 20.2
Fighting       | 4 5 6 8 10 11 13 14 16 | 16.0
Armour         | 3 4 5 7 9 11 12 | 12.3
Dodging        | 7 10 | 10.1

Action                   |  1- 3 |  4- 6 |  7- 9 | 10-12 | 13-15 || total
-------------------------+-------+-------+-------+-------+-------++-------
Melee: Mace              |    96 |     1 |       |       |       ||    97
       Headbutt          |    12 |    15 |    57 |   182 |   247 ||   513
       Flail             |       |    90 |   241 |   299 |   245 ||   875
       Eveningstar       |       |       |    19 |   277 |       ||   296
       Morningstar       |       |       |       |       |   247 ||   247
       Dire flail        |       |       |       |       |   274 ||   274
Throw: Tomahawk          |     6 |     9 |    17 |     2 |     5 ||    39
       Javelin           |       |     5 |    21 |    17 |    13 ||    56
       Throwing net      |       |     1 |     4 |     1 |     1 ||     7
Invok: Berserk           |     1 |       |     3 |     8 |     6 ||    18
       Trog's Hand       |       |       |     6 |     7 |    12 ||    25
       Brothers in Arms  |       |       |       |     4 |     7 ||    11
       Burn Spellbooks   |       |       |       |       |     4 ||     4
Evoke: Wand              |       |       |     6 |     1 |       ||     7
       Sack of spiders   |       |       |       |       |     2 ||     2
  Use: Scroll            |       |     5 |     9 |     9 |     9 ||    32
       Potion            |       |       |       |     4 |     1 ||     5
 Stab: Sleeping          |     1 |       |       |       |       ||     1
       Held in net/web   |       |       |     1 |       |       ||     1
       Distracted        |       |       |       |       |     1 ||     1
  Eat: Chunk             |     2 |     6 |    14 |    47 |    44 ||   113
       Fruit             |       |       |     2 |       |       ||     2
       Royal jelly       |       |       |     1 |       |       ||     1
       Pizza             |       |       |       |     2 |       ||     2
       Meat ration       |       |       |       |     2 |       ||     2
Armor: Ring mail         |    28 |    26 |    17 |       |       ||    71
       Chain mail        |       |       |    74 |   206 |   263 ||   543
       Plate armour      |       |       |       |       |    84 ||    84
Dodge: Dodged            |    48 |    34 |    92 |   177 |   406 ||   757
